 Seeded DCSS version 0.30-a0-457-g4b7bca3bfa (webtiles) character file.

Game seed: 9653979536821995196 (custom seed)

7255 purpskrrrp the Fighter (level 11, -9/101 HPs)
             Began as a Merfolk Fighter on Dec 12, 2022.
             Was a Priest of Cheibriados.
             Mangled by a 12-headed hydra (13 damage)
             ... on level 8 of the Dungeon on Dec 13, 2022.
             The game lasted 00:16:46 (7280 turns).

purpskrrrp the Fighter (Merfolk Fighter)            Turns: 7280, Time: 00:16:47

Health: -9/101     AC: 15    Str: 30    XL:     11   Next: 12%
Magic:  2/2        EV: 23    Int: 15    God:    Cheibriados [***...]
Gold:   328        SH:  0    Dex: 28    Spells: 10/10 levels left

rFire   . . .      SeeInvis .    r - +10 triple sword of the World {protect, Fly rCorr MP-9 Dex+2}
rCold   . . .      Faith    .    (shield currently unavailable)
rNeg    . . .      Spirit   .    b - +0 scale mail
rPois   .          Reflect  .    l - +0 helmet
rElec   .          Harm     .    k - +0 cloak of Limited Liability {-Cast rCorr Str+2}
rCorr   +          Rampage  .    (no gloves)
Will    .....      NoCast   +    (no boots)
Stlth   +.........               E - amulet of regeneration
HPRegen 1.16/turn                p - +4 ring of evasion
MPRegen 0.08/turn                F - +6 ring of dexterity

@: under a protective aura, flying, very slow
A: (nimble swimmer 2), mertail
a: Renounce Religion, Bend Time, Temporal Distortion


You were on level 8 of the Dungeon.
You worshipped Cheibriados.
Cheibriados was most pleased with you.
You visited 2 branches of the dungeon, and saw 9 of its levels.

You collected 434 gold pieces.
You spent 106 gold pieces at shops.

Inventory:

Hand Weapons
 a - a +1 trident
 o - the +10 trident "Isut Mok" {vorpal, Str+4 Stlth+}
   (You found it on level 2 of the Dungeon)

   It inflicts extra damage upon your enemies.
   Str:       It affects your strength (+4).
   Stlth:     It makes you more stealthy.
 r - the +10 triple sword of the World (weapon) {protect, Fly rCorr MP-9 Dex+2}
   (You acquired it on level 8 of the Dungeon)

   It grants its wielder temporary protection when it strikes (+7 to AC).
   Dex:       It affects your dexterity (+2).
   MP:        It affects your magic capacity (-9).
   Fly:       It grants you flight.
   rCorr:     It protects you from acid and corrosion.
 G - the +10 falchion "Tupaib" {elec, rPois rF- rCorr Str+3}
   (You found it on level 7 of the Dungeon)

   It occasionally discharges a powerful burst of electricity upon striking a
   foe.
   Str:       It affects your strength (+3).
   rF:        It makes you vulnerable to fire.
   rPois:     It protects you from poison.
   rCorr:     It protects you from acid and corrosion.
Missiles
 B - 3 throwing nets (quivered)
Armour
 b - a +0 scale mail (worn)
 c - a +0 buckler
 k - the +0 cloak of Limited Liability (worn) {-Cast rCorr Str+2}
   (You acquired it on level 2 of the Dungeon)

   Str:       It affects your strength (+2).
   -Cast:     It prevents spellcasting.
   rCorr:     It protects you from acid and corrosion.
 l - a +0 helmet (worn)
Jewellery
 p - a +4 ring of evasion (left hand)
 E - an amulet of regeneration (around neck)
 F - a +6 ring of dexterity (right hand)
 I - a ring of resist corrosion
 K - a ring of fire
Wands
 q - a wand of iceblast (12)
 H - a wand of charming (5)
Scrolls
 e - 4 scrolls of teleportation
 f - 2 scrolls of noise
 i - a scroll of enchant weapon
 s - a scroll of magic mapping
 v - 2 scrolls of vulnerability
 y - 2 scrolls of blinking
 C - 3 scrolls of amnesia
Potions
 d - a potion of might
 g - 6 potions of heal wounds
 h - 3 potions of curing
 j - 2 potions of lignification {unknown}
 m - 2 potions of degeneration {unknown}
 n - 2 potions of invisibility
 t - a potion of magic {unknown}
 u - 2 potions of flight {unknown}
 w - 3 potions of attraction {unknown}
 x - a potion of ambrosia {unknown}
 z - a potion of cancellation {unknown}
 A - a potion of resistance {unknown}
 D - a potion of haste {unknown}


   Skills:
 + Level 14.8 Fighting
 * Level 6.0 Long Blades
 - Level 1.6(4.0) Axes
 * Level 9.2(9.4) Polearms
 - Level 2.2 Armour
 + Level 9.8 Dodging
 - Level 7.8 Shields


You had 10 spell levels left.
You didn't know any spells.
Your spell library contained the following spells:

 Spells                   Type           Power      Damage    Failure   Level
 Call Canine Familiar     Summ           0%         N/A       86%         3
 Inner Flame              Hex/Fire       0%         N/A       86%         3
 Kindle Blastsparks       Fire/Tloc/Air  0%         2d10      86%         3
 Ozocubu's Armour         Ice            0%         N/A       86%         3
 Portal Projectile        Hex/Tloc       0%         N/A       86%         3
 Tukima's Dance           Hex            0%         N/A       86%         3
 Anguish                  Hex/Necr       0%         N/A       99%         4
 Flame Wave               Conj/Fire      0%         2d4       99%         4
 Passage of Golubria      Tloc           0%         N/A       99%         4
 Sticky Flame             Conj/Fire      0%         2d3       99%         4
 Blade Hands              Tmut           0%         N/A       100%        5
 Metabolic Englaciation   Hex/Ice        0%         N/A       100%        5
 Yara's Violent Unravell  Hex/Tmut       0%         3d3       100%        5
 Simulacrum               Ice/Necr       0%         N/A       100%        6
 Enfeeble                 Hex            0%         N/A       100%        7
 Ignition                 Fire           0%         3d3       100%        8


Dungeon Overview and Level Annotations

Branches:
Dungeon (8/15)             Temple (1/1) D:6            Lair (0/5) D:8

Altars:
Ashenzari
Cheibriados
Dithmenos
Elyvilon
Fedhas
Gozag
Hepliaklqana
Kikubaaqudgha
Makhleb
Nemelex Xobeh
Qazlal
Ru
Sif Muna
Trog
Uskayaw
Vehumet
Wu Jian
Xom
Yredelemnul
Zin

Shops:
D:3 *   D:6 [   D:7 =

Annotations:
D:8 2 runed translucent doors


Innate Abilities, Weirdness & Mutations

((You are very nimble when in or above water. (Stealth+, EV+, Speed+++)))
Your lower body shifts to a powerful aquatic tail in water.


Message History

You are too injured to fight recklessly!
You are too injured to fight recklessly!
You are too injured to fight recklessly!
You are too injured to fight recklessly!
You are too injured to fight recklessly!
You are too injured to fight recklessly!
You are too injured to fight recklessly!
You are too injured to fight recklessly!
You are too injured to fight recklessly!
You hack one of the ten-headed hydra's heads off!
The nine-headed hydra grows two more!
You slice the 11-headed hydra!!
The 11-headed hydra is severely wounded.
The 11-headed hydra closely misses you.
The 11-headed hydra bites you but does no damage.
The 11-headed hydra closely misses you.
The 11-headed hydra completely misses you.
The 11-headed hydra bites you. The 11-headed hydra barely misses you.
The 11-headed hydra bites you! The 11-headed hydra misses you.
The 11-headed hydra completely misses you.
The 11-headed hydra bites you but does no damage.
The 11-headed hydra barely misses you.
You chop one of the 11-headed hydra's heads off!
The ten-headed hydra grows two more!
You slice the 12-headed hydra!!
The 12-headed hydra is almost dead.
The 12-headed hydra completely misses you.
The 12-headed hydra misses you.
The 12-headed hydra bites you but does no damage. x2
The 12-headed hydra misses you. The 12-headed hydra closely misses you.
The 12-headed hydra completely misses you.
The 12-headed hydra bites you!
* * * LOW HITPOINT WARNING * * *
The 12-headed hydra bites you!
* * * LOW HITPOINT WARNING * * *
The 12-headed hydra closely misses you. x2
The 12-headed hydra barely misses you. The 12-headed hydra bites you!
* * * LOW HITPOINT WARNING * * *
The 12-headed hydra bites you but does no damage.
The 12-headed hydra completely misses you.
The 12-headed hydra bites you!
You die...

............##..).........#
#..
#####.......##............#
#.. #
#.......##..[..)......## #..
#########..............####..
##.†)).............#..
##...#)#.#########..#..
#....#Q##........)#.###
#.#.##D# ########.#.#..
##...##@# ##......##.#.#
#...###.# #.#######..#)#
#...###.####.....##..#)#
#..###...#######.#.....#
#..##.....####..##.#.#..
##.##...#...##.###..#.#.#
#..#...###...##.##.##...#
#.##..## ##..##.#..######
##.#.#.#######.#.#.## #.


You could see a 12-headed hydra and a tengu warrior.

Vanquished Creatures
  3 centaur warriors (D:8)
  A two-headed ogre (D:8)
  A shadow (D:8)
  A wyvern (D:7)
  4 yaks (D:8)
  A steam dragon (D:8)
  3 water moccasins
  Duvessa (D:7)
  3 orc warriors
  3 black bears
  3 ice beasts
  A sky beast (D:6)
  3 centaurs
  2 ogres
  5 kobold brigands
  A necrophage (D:5)
  3 bullfrogs
  2 scorpions (D:5)
  3 wights (D:8)
  Dowan (D:7)
  The ghost of AigisTheKnight the Magician, a weakling DsHW (D:5)
  7 howler monkeys
  5 hounds
  4 orc priests
  2 gnoll boudas
  A jelly (D:4)
  2 iguanas (D:4)
  Ijyb (D:3)
  5 orc wizards
  8 adders
  13 gnolls
  A shadow imp (D:5)
  A white imp (D:7)
  A dart slug (D:4)
  26 orcs
  10 ball pythons
  8 endoplasms
  8 giant cockroaches
  15 goblins
  5 hobgoblins
  6 jackals
  5 quokkas
  10 bats
  3 frilled lizards
  22 kobolds
  3 rats (D:3)
218 creatures vanquished.

Notes
Turn   | Place    | Note
-------+----------+-------------------------------------------
     0 | D:1      | purpskrrrp the Merfolk Fighter began the quest for the Orb.
     0 | D:1      | Reached XP level 1. HP: 18/18 MP: 1/1
   221 | D:1      | Reached XP level 2. HP: 23/24 MP: 2/2
   280 | D:1      | Reached skill level 1 in Dodging
   730 | D:2      | Reached skill level 1 in Axes
   730 | D:2      | Reached XP level 3. HP: 29/29 MP: 3/3
   822 | D:2      | Identified the +10 trident "Isut Mok" {vorpal, Str+4
                  | Stlth+}
   956 | D:2      | Reached XP level 4. HP: 17/35 MP: 4/4
  1454 | D:2      | Identified 2 scrolls of acquirement
  1454 | D:2      | Acquired a manual of Fighting
  1456 | D:2      | Acquired the +0 cloak of Limited Liability {-Cast rCorr
                  | Str+2}
  1509 | D:3      | Noticed Ijyb
  1518 | D:3      | Killed Ijyb
  1521 | D:3      | Reached skill level 4 in Fighting
  1673 | D:3      | Found a shimmering altar of Xom.
  1673 | D:3      | Found a shimmering altar of Xom.
  1674 | D:3      | Found a shimmering altar of Xom.
  1674 | D:3      | Found a shimmering altar of Xom.
  1675 | D:3      | Found a shimmering altar of Xom.
  1675 | D:3      | Found a shimmering altar of Xom.
  1687 | D:3      | Found Gepsocir's Assorted Antiques.
  1701 | D:3      | Bought a scroll labelled GOLEQAAPNU for 23 gold pieces
  1701 | D:3      | Bought an orange potion for 20 gold pieces
  1701 | D:3      | Bought a clear potion for 20 gold pieces
  1701 | D:3      | Bought a grey potion for 20 gold pieces
  1701 | D:3      | Bought a scroll labelled PITZAR JAUNIUM for 23 gold pieces
  1736 | D:3      | Reached XP level 5. HP: 37/43 MP: 5/5
  1860 | D:3      | Found a stormy altar of Qazlal.
  2390 | D:4      | Reached skill level 5 in Fighting
  2400 | D:4      | Noticed an ogre
  2424 | D:4      | Killed an ogre
  2425 | D:4      | Reached XP level 6. HP: 52/52 MP: 6/6
  2465 | D:4      | Reached skill level 6 in Fighting
  2610 | D:4      | Reached XP level 7. HP: 59/59 MP: 7/7
  2737 | D:4      | Reached skill level 7 in Fighting
  2916 | D:4      | Found a shimmering blue altar of Sif Muna.
  2991 | D:4      | Reached skill level 5 in Polearms
  3263 | D:5      | Entered Level 5 of the Dungeon
  3299 | D:5      | Reached skill level 5 in Dodging
  3332 | D:5      | Reached skill level 8 in Fighting
  3358 | D:5      | Reached XP level 8. HP: 65/69 MP: 8/8
  3479 | D:5      | Found a hazy altar of Hepliaklqana.
  3479 | D:5      | Found a large runed translucent door.
  3479 | D:5      | Found a large runed translucent door.
  3486 | D:5      | Noticed AigisTheKnight's ghost (weakling DsHW)
  3504 | D:5      | Reached skill level 9 in Fighting
  3517 | D:5      | Reached skill level 5 in Shields
  3520 | D:5      | Found a radiant altar of Vehumet.
  3631 | D:5      | Reached skill level 10 in Fighting
  4059 | D:5      | Killed AigisTheKnight's ghost
  4318 | D:6      | Found Xoniss's Antique Armour Emporium.
  4358 | D:6      | Found a staircase to the Ecumenical Temple.
  4419 | D:6      | Reached XP level 9. HP: 79/79 MP: 9/9
  4483 | Temple   | Entered the Ecumenical Temple
  4693 | Temple   | Became a worshipper of Cheibriados the Contemplative
  4718 | D:6      | Reached skill level 11 in Fighting
  5238 | D:7      | Found a large runed translucent door.
  5238 | D:7      | Found a large runed translucent door.
  5243 | D:7      | Found a shimmering altar of Xom.
  5366 | D:7      | Reached skill level 12 in Fighting
  5486 | D:7      | Noticed Duvessa
  5491 | D:7      | Killed Duvessa
  5543 | D:7      | Noticed Dowan
  5548 | D:7      | Reached * piety under Cheibriados
  5553 | D:7      | Found an ancient bone altar of Kikubaaqudgha.
  5555 | D:7      | Killed Dowan
  5569 | D:7      | Found a bloodstained altar of Trog.
  5666 | D:7      | Found Nawa's Jewellery Boutique.
  5718 | D:7      | Identified the +10 falchion "Tupaib" {elec, rPois rF- rCorr
                  | Str+3}
  6280 | D:7      | Identified the +12 rapier of the Shimmering Tiger {chaos,
                  | Will+ Str+2}
  6302 | D:7      | Reached skill level 1 in Long Blades
  6450 | D:8      | Reached skill level 13 in Fighting
  6503 | D:8      | Reached XP level 10. HP: 92/92 MP: 10/10
  6509 | D:8      | Reached ** piety under Cheibriados
  6514 | D:8      | Noticed a centaur warrior
  6521 | D:8      | Killed a centaur warrior
  6550 | D:8      | Noticed a two-headed ogre
  6553 | D:8      | Killed a two-headed ogre
  6554 | D:8      | Reached skill level 14 in Fighting
  6554 | D:8      | Reached skill level 5 in Long Blades
  6558 | D:8      | Found a staircase to the Lair.
  6650 | D:8      | Found a glowing silver altar of Zin.
  6650 | D:8      | Noticed an angel
  6729 | D:8      | Found a white marble altar of Elyvilon.
  6825 | D:8      | Got the Almanac of the Gathered Arsonist
  6955 | D:8      | Reached *** piety under Cheibriados
  7034 | D:8      | Noticed a centaur warrior
  7039 | D:8      | Killed a centaur warrior
  7040 | D:8      | Reached XP level 11. HP: 88/101 MP: 11/11
  7161 | D:8      | Found a runed translucent door.
  7164 | D:8      | Found a runed translucent door.
  7179 | D:8      | Noticed an eight-headed hydra
  7182 | D:8      | Identified the +4 great sword of Lavyalas {vorpal, rElec
                  | rC- SInv}
  7182 | D:8      | Noticed a centaur warrior
  7208 | D:8      | Killed a centaur warrior
  7222 | D:8      | Acquired the +10 triple sword of the World {protect, Fly
                  | rCorr MP-9 Dex+2}
  7275 | D:8      | Noticed a tengu warrior
  7280 | D:8      | HP: 4/101 [12-headed hydra (11)]
  7280 | D:8      | Mangled by a 12-headed hydra

Illustrated notes

Levels and vault maps discovered:
D:1:      lemuel_arrival_lava_pool, layout_basic
D:2:      cheibrodos_old_hovel, layout_loops_ring
D:3:      kennysheep_the_goblin_king, layout_loops_ring, xom_redecorated,
          nicolae_qazlal_general_emergency, serial_shops, shop,
          kennysheep_flooded_box
D:4:      layout_loops_ring, kennysheep_orc_sif_temple,
          hangedman_decor_peaks_small, hex_medium, minmay_strange_pillars,
          st_stairs_7, hangedman_decor_lopped
D:5:      layout_loops_ring, mainiacjoe_overflow_chevrons,
          mainiacjoe_overflow_boulevard, ebering_ghost_disaster_area
D:6:      layout_gridville, minmay_temple_entry_ruins, serial_shops,
          nicolae_shop_behind_doors, minmay_small_thing
D:7:      due_chaos_kobolds, layout_loops_corners,
          chequers_temple_overflow_statue_of_worship, serial_shops, shop,
          uniq_duvessa
D:8:      minmay_the_grid_triangle_9x9_rhombus_thin
          [minmay_the_grid_triangle_9x9_tough_junction,
          minmay_the_grid_triangle_9x9_prize_top_heavy,
          minmay_the_grid_triangle_9x9_impossible_snake,
          minmay_the_grid_triangle_9x9_sprig], layout_basic, elyvilon_altar_5,
          zin_angel
Temple:   chequers_temple_sunken

Skill      XL: |  1  2  3  4  5  6  7  8  9 10 11 |
---------------+----------------------------------+-----
Dodging        | 2 3 4 5 6 8 9 |  9.8
Axes           | 1 |  1.6
Polearms       | 3 4 5 6 7 8 9 |  9.2
Fighting       | 4 5 6 8 10 13 14 | 14.8
Shields        | 4 5 6 7 |  7.8
Long Blades    | 2 6 |  6.0
Armour         | |  2.2

Action                   |  1- 3 |  4- 6 |  7- 9 | 10-12 || total
-------------------------+-------+-------+-------+-------++-------
Melee: Trident           |   123 |   108 |   204 |    78 ||   513
       Falchion          |       |       |    16 |       ||    16
       Triple sword      |       |       |       |     4 ||     4
  Use: Scroll            |       |     2 |    13 |     2 ||    17
       Potion            |       |     1 |       |       ||     1
 Stab: Sleeping          |       |     1 |       |     1 ||     2
Armor: Scale mail        |    78 |    33 |    28 |    20 ||   159
Dodge: Dodged            |    57 |    45 |   154 |    69 ||   325
Block: Buckler           |    35 |    23 |    48 |    21 ||   127

Table legend: (Time is in decaauts)
 A = Elapsed time spent in this place.
 B = Non-inter-level travel time spent in this place.
 C = Inter-level travel time spent in this place.
 D = Time resting spent in this place.
 E = Time spent auto-exploring this place.
 F = Levels seen in this place.
 G = Mean time per level.
                   A        B        C        D        E       F      G
               +--------+--------+--------+--------+--------+-----+--------+
         Total |   8087 |   7654 |    433 |    140 |   6161 |   9 |  898.6 |
       Dungeon |   7947 |   7519 |    428 |    140 |   6064 |   8 |  993.4 |
        Temple |    140 |    135 |      5 |      0 |     96 |   1 |  140.0 |
               +--------+--------+--------+--------+--------+-----+--------+

Top non-repeatable levels by time:
     D:7: 1688 daAuts
     D:8: 1224 daAuts
     D:3: 914 daAuts
     D:4: 882 daAuts
     D:5: 877 daAuts
     D:6: 838 daAuts
     D:2: 791 daAuts
     D:1: 730 daAuts
  Temple: 140 daAuts
